 Dungeon Crawl Stone Soup version 0.31-a0-538-gbc85326fa9 (webtiles) character file.

Game seed: 13540524656432844215

523 slowBro the Changeling (level 7, -14/61 (66) HPs)
             Began as a Troll Shapeshifter on Aug 14, 2023.
             Demolished by an ogre
             ... wielding a +0 giant club
              (29 damage)
             ... on level 5 of the Dungeon.
             The game lasted 00:09:05 (3435 turns).

slowBro the Changeling (Troll Shapeshifter)         Turns: 3435, Time: 00:09:06

HP:   -14/61 (66)   AC:  4    Str: 24    XL:     7   Next: 2%
MP:   6/6           EV: 11    Int:  6    God:
Gold: 317           SH:  0    Dex: 16    Spells: 6/6 levels left

rFire   . .          .
                       - Unarmed
rCold   + . .        (no shield)
rNeg    . . .        a - +0 animal skin
rPois   .            (helmet currently unavailable)
rElec   .            (cloak currently unavailable)
rCorr   .            (gloves unavailable)
SInv    .            (boots unavailable)
Will    .....        (no amulet)
Stlth   +            j - ring of protection from cold
HPRegen 1.10/turn    w - +6 ring of dexterity
MPRegen 0.10/turn

%: no passive effects
@: lethally poisoned (-14 -> -25), beast-form, hasted and slowed, drained
A: beast (slay +3), large, unfitting armour, claws 3, regeneration 1, shaggy fur
1, tough skin 1
a: Begin Untransformation


You were on level 5 of the Dungeon.
You were a hulking beast.
You visited 1 branch of the dungeon, and saw 5 of its levels.

You collected 317 gold pieces.

Inventory:

Missiles
 e - 4 poisoned darts
 n - 4 datura-tipped darts
Armour
 a - a +0 animal skin (worn)
Jewellery
 j - a ring of protection from cold (left claw)
 w - a +6 ring of dexterity (right claw)
Talismans
 c - a beast talisman (active)
 d - a flux talisman
Wands
 q - a wand of iceblast (8)
 x - a wand of charming (7)
Scrolls
 g - a scroll of teleportation
 h - a scroll of fear {unknown}
 i - 2 scrolls of blinking {unknown}
 k - a scroll of noise {unknown}
 m - a scroll of immolation {unknown}
 r - a scroll of fog {unknown}
 s - a scroll of enchant weapon {unknown}
 y - a scroll of amnesia {unknown}
Potions
 b - 2 potions of lignification
 f - a potion of cancellation
 l - a potion of mutation {unknown}
 o - 2 potions of curing
 p - 2 potions of resistance
 u - 2 potions of heal wounds {unknown}
 v - a potion of attraction
 z - a potion of berserk rage {unknown}
 A - a potion of degeneration {unknown}
 B - a potion of brilliance {unknown}


   Skills:
 + Level 2.7 Fighting
 + Level 3.1 Dodging
 + Level 4.4 Unarmed Combat
 * Level 4.9 Shapeshifting


You had 6 spell levels left.
You didn't know any spells.
Your spell library contained the following spells:

 Spells                   Type           Power      Damage    Failure   Level
 Blink                    Tloc           0%         N/A       58%         2
 Ensorcelled Hibernation  Hex/Ice        0%         N/A       58%         2
 Lesser Beckoning         Tloc           0%         N/A       58%         2
 Momentum Strike          Conj/Tloc      0%         3d8       58%         2
 Passwall                 Tmut/Erth      0%         N/A       58%         2
 Swiftness                Air            0%         N/A       83%         3
 Volatile Blastmotes      Fire/Tloc      0%         2d10      83%         3
 Fulminant Prism          Conj/Hex       0%         3d5       99%         4
 Iskenderun's Mystic Bla  Conj/Tloc      0%         2d3       99%         4
 Manifold Assault         Tloc           0%         N/A       99%         4


Dungeon Overview and Level Annotations

Branches:
Dungeon (5/15)
 Temple: D:4-7

Altars:

Annotations:
D:4 Menkaure


Innate Abilities, Weirdness & Mutations

You are a hulking beast.
Your limbs bulge with bestial killing power. (Slay +3)
You are too large for most types of armour.
You have claws for hands.
Your natural rate of healing is unusually fast.
You are covered in fur. (AC +1)
You have tough skin. (AC +1)


Message History

The orc shouts!
The white imp gestures at you. The puff of frost hits you. You resist.
The white imp gestures at you. The puff of frost hits you. You resist.
The white imp gestures at you. The puff of frost misses you.
The white imp hits you but does no damage.
You claw the white imp!
You kill the white imp!
An ogre comes into view. It is wielding a +0 giant club.
The ogre shouts!
You closely miss the orc. You claw the orc!
You kill the orc!
A hornet comes into view.
The hornet buzzes angrily.
You hear an angry hiss.
The ogre hits you with a +0 giant club!
You claw the ogre!
The ogre is severely wounded.
An adder comes into view.
The ogre barely misses you.
You scratch the ogre.
The ogre is severely wounded.
The hornet stings you but does no damage.
Okay, then.
You feel yourself speed up. The hornet stings you.
You are poisoned.
You feel yourself slow down. The ogre hits you with a +0 giant club.
The hornet stings you!
You feel as though you will be slow longer.
You scratch the hornet.
The hornet is lightly wounded.
You feel very sick. The hornet stings you!
* * * LOW HITPOINT WARNING * * *
You are more poisoned.
You feel as though you will be slow longer.
The ogre hits you with a +0 giant club!!
You die...

#.....######..#
.............
## #.........#
..
#.........#.#
#...........#
#......<...#
#.....)...##
#.........#
#...Sh....#
#...yO....#
####.###### #.#
... ...# #.# #.


You could see a hornet, an ogre and an adder.

Vanquished Creatures
  A centaur (D:4)
  A scorpion (D:4)
  An orc priest (D:3)
  2 hounds (D:4)
  A gnoll bouda (D:4)
  Natasha (thrice) (D:2)
  8 adders
  4 gnolls
  A white imp (D:5)
  2 worms
  2 dart slugs
  12 orcs
  10 endoplasms
  2 giant cockroaches
  6 goblins
  3 hobgoblins
  A quokka (D:1)
  5 ball pythons
  3 bats
  A frilled lizard (D:1)
  4 kobolds
  5 rats
78 creatures vanquished.

Notes
Turn   | Place    | Note
-------+----------+-------------------------------------------
     0 | D:1      | slowBro the Troll Shapeshifter began the quest for the Orb.
     0 | D:1      | Reached XP level 1. HP: 18/18 MP: 0/0
   112 | D:1      | Reached skill level 1 in Fighting
   164 | D:1      | Reached XP level 2. HP: 27/27 MP: 1/1
   679 | D:2      | Reached XP level 3. HP: 33/33 MP: 2/2
   843 | D:2      | Reached XP level 4. HP: 41/41 MP: 3/3
  1034 | D:2      | Noticed Natasha
  1046 | D:2      | Killed Natasha
  1208 | D:2      | Noticed Natasha
  1215 | D:2      | Killed Natasha
  1467 | D:2      | Noticed Natasha
  1470 | D:2      | Killed Natasha
  1471 | D:2      | Reached XP level 5. HP: 49/49 MP: 4/4
  2541 | D:4      | Reached XP level 6. HP: 57/57 MP: 5/5
  3175 | D:4      | Reached XP level 7. HP: 52/61 MP: 6/6
  3397 | D:4      | Noticed Menkaure
  3420 | D:5      | Entered Level 5 of the Dungeon
  3430 | D:5      | Noticed a hornet
  3435 | D:5      | Demolished by an ogre

Illustrated notes

Levels and vault maps discovered:
D:1:      dpeg_arrival_rhombi, layout_basic
D:2:      layout_loops_corners, uniq_natasha
D:3:      layout_rooms
D:4:      layout_gridville, uniq_menkaure
D:5:      layout_rooms, minmay_temple_entry_junction_2

Skill      XL: |  1  2  3  4  5  6 |
---------------+-------------------+-----
Fighting       | 1 2 |  2.7
Dodging        | 2 3 |  3.1
Shapeshifting  | 4 |  4.9
Unarmed Combat | 4 |  4.4

Action                     |  1- 3 |  4- 6 |  7- 9 || total
---------------------------+-------+-------+-------++-------
  Melee: Unarmed           |    43 |   130 |     7 ||   180
         Punch             |     1 |     2 |       ||     3
    Use: Scroll            |       |     8 |       ||     8
         Potion            |       |     1 |     1 ||     2
   Stab: Sleeping          |       |     2 |     1 ||     3
 Armour: Animal skin       |     9 |    30 |     2 ||    41
  Dodge: Dodged            |    17 |    70 |     2 ||    89

Table legend: (Time is in decaauts)
 A = Elapsed time spent in this place.
 B = Non-inter-level travel time spent in this place.
 C = Inter-level travel time spent in this place.
 D = Time resting spent in this place.
 E = Time spent auto-exploring this place.
 F = Levels seen in this place.
 G = Mean time per level.
                   A        B        C        D        E       F      G
               +--------+--------+--------+--------+--------+-----+--------+
         Total |   3431 |   3346 |     85 |    186 |   2495 |   5 |  686.2 |
       Dungeon |   3431 |   3346 |     85 |    186 |   2495 |   5 |  686.2 |
               +--------+--------+--------+--------+--------+-----+--------+

Top non-repeatable levels by time:
     D:2: 1430 daAuts
     D:4: 834 daAuts
     D:1: 589 daAuts
     D:3: 563 daAuts
     D:5: 14 daAuts
